 Dungeon Crawl Stone Soup version 0.22-a0-247-gbddf880757 (webtiles) character file.

3272 Peterchen the Severer (level 9, -4/70 HPs)
             Began as a Minotaur Berserker on Feb 24, 2018.
             Was a Priest of Trog.
             Slain by Joseph
             ... wielding a +0 quarterstaff
              (17 damage)
             ... on level 7 of the Dungeon.
             The game lasted 00:16:58 (6590 turns).

Peterchen the Severer (Minotaur Berserker)          Turns: 6590, Time: 00:16:58

Health: -4/70      AC:  8    Str: 25    XL:     9   Next: 68%
Magic:  8/8        EV:  7    Int:  4    God:    Trog [***...]
Gold:   108        SH:  7    Dex: 10    Spells: 8/8 levels left

rFire    + . .     SeeInvis +   a - +0 hand axe
rCold    . . .     Gourm    .   m - +0 shield
rNeg     . . .     Faith    .   z - +2 scale mail {MR+}
rPois    .         Spirit   .   (helmet restricted)
rElec    .         Reflect  .   (no cloak)
rCorr    .         Harm     .   (no gloves)
MR       +++..                  (no boots)
Stlth    ..........             (no amulet)
HPRegen  1.21/turn              p - ring of see invisible
MPRegen  0.11/turn              j - ring of protection from fire

@: berserk cooldown, regenerating, slowed, very slow
A: retaliatory headbutt, horns 2
a: Berserk, Trog's Hand, Renounce Religion


You were on level 7 of the Dungeon.
You worshipped Trog.
Trog was most pleased with you.
You were very hungry.

You visited 1 branch of the dungeon, and saw 7 of its levels.

You collected 348 gold pieces.
You spent 240 gold pieces at shops.

Inventory:

Hand Weapons
 a - a +0 hand axe (weapon)
Missiles
 C - 3 steel javelins (quivered)
Armour
 m - a +0 shield (worn)
 z - a +2 scale mail of magic resistance (worn)
Jewellery
 j - a ring of protection from fire (right hand)
 p - a ring of see invisible (left hand)
Wands
 i - a wand of flame (35)
 s - a wand of random effects (16)
Scrolls
 f - 3 scrolls of teleportation
 n - a scroll of magic mapping {unknown}
 r - 2 scrolls of immolation
 t - a scroll of brand weapon {unknown}
 u - a scroll of amnesia {unknown}
 v - a scroll of vulnerability {unknown}
 y - 2 scrolls of remove curse
Potions
 b - 2 potions of haste
 d - a potion of invisibility {unknown}
 g - 2 potions of flight
 k - 2 potions of lignification {unknown}
 l - a potion of heal wounds {unknown}
 o - a potion of agility {unknown}
 q - a potion of berserk rage {unknown}
 w - a potion of might {unknown}
Miscellaneous
 e - a phial of floods
 h - a phial of floods
 x - a box of beasts
 B - a lightning rod (4/4)
Comestibles
 c - 19 rations


   Skills:
 - Level 3.6 Fighting
 * Level 15.7 Axes
 - Level 2.4 Armour
 - Level 2.1 Dodging


You had 8 spell levels left.
You didn't know any spells.

Dungeon Overview and Level Annotations

Branches:
Dungeon (7/15)             Temple (0/1) D:6

Altars:
Dithmenos
Elyvilon
Fedhas
Hepliaklqana
Kikubaaqudgha
Qazlal
Trog
Vehumet
Wu Jian
Xom
Zin
The Shining One

Shops:
D:6 }

Annotations:
D:7 1 runed door, Joseph


Innate Abilities, Weirdness & Mutations

You reflexively headbutt those who attack you in melee.
You have a pair of horns on your head.


Message History

You barely miss Joseph.
Joseph is almost dead.
Joseph hits you with an uncursed quarterstaff!
You hit Joseph. Your headbutt misses Joseph.
Joseph is almost dead.
You block Joseph's attack.
You hit Joseph. Your headbutt misses Joseph.
Joseph is almost dead.
You feel the effects of Trog's Hand fading.
Joseph hits you with an uncursed quarterstaff.
* * * LOW HITPOINT WARNING * * *
You closely miss Joseph.
Joseph is almost dead.
Joseph hits you with an uncursed quarterstaff!
* * * LOW HITPOINT WARNING * * *
You closely miss Joseph.
Joseph is almost dead.
Joseph looks very unfriendly.
Joseph hits you with an uncursed quarterstaff!
You die...

#........## #
##........#
#.........#
#.......## .
##......# #..
####......#
#...######........##
#...(.............##
#....@@...........##
##########....#....##
##..####...## #..#
##...## #..# ##..)#
#(.# ##... #..# ##..
#..# ##. #... ##


You could see Joseph.

Vanquished Creatures
  The ghost of Peterchen the Cleaver, a novice MiBe of Trog (D:4)
  Grinder (D:3)
  4 hogs (D:7)
  A human (D:7)
  Duvessa (D:4)
  An orc warrior (D:6)
  An ice beast (D:7)
  A black bear (D:7)
  A hornet zombie (D:5)
  2 sky beasts (D:6)
  5 ogres
  3 centaurs
  A bullfrog (D:6)
  Dowan (D:4)
  A scorpion (D:6)
  A howler monkey (D:5)
  2 bullfrog zombies (D:5)
  3 orc priests
  A hound (D:7)
  A jelly (D:7)
  A bullfrog skeleton (D:4)
  A centaur skeleton (D:6)
  2 orc wizards (D:6)
  4 worker ants
  A worker ant zombie (D:5)
  3 gnolls (D:5)
  4 adders
  2 oozes (D:5)
  An adder skeleton (D:5)
  A worm (D:3)
  3 leopard geckos
  13 orcs
  5 bats
  4 giant cockroaches
  7 goblins
  6 hobgoblins
  5 jackals
  4 quokkas
  3 ball pythons
  3 frilled lizards
  6 kobolds
  6 rats
118 creatures vanquished.

Notes
Turn   | Place    | Note
-------+----------+-------------------------------------------
     0 | D:1      | Peterchen the Minotaur Berserker began the quest for the Orb.
     0 | D:1      | Reached XP level 1. HP: 19/19 MP: 0/0
   109 | D:1      | Reached skill level 4 in Axes
   368 | D:1      | Reached XP level 2. HP: 26/26 MP: 1/1
   982 | D:2      | Found a shimmering altar of Xom.
   983 | D:2      | Found a hazy altar of Hepliaklqana.
   983 | D:2      | Noticed a yak
   984 | D:2      | Noticed a spectral ugly thing
   984 | D:2      | Noticed a yak
  1034 | D:2      | Reached skill level 5 in Axes
  1094 | D:2      | Reached XP level 3. HP: 31/31 MP: 2/2
  1104 | D:2      | Reached ** piety under Trog
  1118 | D:2      | Found a hazy altar of Hepliaklqana.
  1524 | D:3      | Found a blossoming altar of Fedhas.
  1992 | D:3      | Noticed Grinder
  2003 | D:3      | Killed Grinder
  2003 | D:3      | Reached skill level 8 in Axes
  2003 | D:3      | Reached XP level 4. HP: 39/39 MP: 3/3
  2003 | D:3      | Reached XP level 5. HP: 45/45 MP: 4/4
  2003 | D:3      | Reached XP level 6. HP: 51/51 MP: 5/5
  2535 | D:4      | Reached skill level 9 in Axes
  2746 | D:4      | Reached XP level 7. HP: 45/57 MP: 6/6
  3123 | D:4      | Found a bloodstained altar of Trog.
  3124 | D:4      | Found a glowing silver altar of Zin.
  3132 | D:4      | Found a radiant altar of Vehumet.
  3205 | D:4      | Noticed Peterchen's ghost (novice MiBe)
  3215 | D:4      | Killed Peterchen's ghost
  3215 | D:4      | Reached skill level 11 in Axes
  3512 | D:4      | Noticed Duvessa
  3531 | D:4      | Killed Duvessa
  3549 | D:4      | Noticed Dowan
  3553 | D:4      | Killed Dowan
  3553 | D:4      | Reached XP level 8. HP: 64/64 MP: 7/7
  3623 | D:5      | Entered Level 5 of the Dungeon
  3738 | D:5      | Found an ancient bone altar of Kikubaaqudgha.
  3775 | D:5      | Reached skill level 12 in Axes
  3931 | D:5      | Found an ornate altar of the Wu Jian Council.
  4124 | D:5      | Reached *** piety under Trog
  4809 | D:6      | Found a stormy altar of Qazlal.
  4839 | D:6      | Reached skill level 13 in Axes
  4896 | D:6      | Found a staircase to the Ecumenical Temple.
  4914 | D:6      | Found Leaxtausoh's Gadget Boutique.
  4920 | D:6      | Bought a box of beasts for 240 gold pieces
  5200 | D:6      | Found a large runed door.
  5230 | D:6      | Found a large runed door.
  5230 | D:6      | Found a large runed door.
  5430 | D:6      | Got a transparent ring mail
  5441 | D:6      | Identified the cursed +1 ring mail of Zoganawn {*Drain rPois rC- rN+++} (You found it on level 6 of the Dungeon)
  5523 | D:6      | Reached XP level 9. HP: 59/70 MP: 8/8
  5556 | D:6      | Found a large runed door.
  5583 | D:6      | Reached skill level 14 in Axes
  6039 | D:7      | Received a gift from Trog
  6089 | D:7      | Found a glowing golden altar of the Shining One.
  6099 | D:7      | Found a white marble altar of Elyvilon.
  6099 | D:7      | Found a shadowy altar of Dithmenos.
  6196 | D:7      | Reached skill level 15 in Axes
  6243 | D:7      | Found a runed door.
  6569 | D:7      | Noticed Joseph
  6590 | D:7      | Slain by Joseph

Vault maps used:
D:1:      dpeg_arrival_arbitrary_a
D:2:      regret_index_temple_of_mockery, serial_forest,
          infiniplex_forest_straight_4, infiniplex_forest_clump_small,
          infiniplex_forest_lined_corner, infiniplex_forest_lined_2,
          kennysheep_flooded_box
D:3:      overflow_temple_1_default, uniq_grinder
D:4:      minitemple, serial_bayou_ford_a, hangedman_decor_growths, uniq_duvessa
D:5:      kiku_gazebo_pond_becter, old_standard_altar, first_ration
D:6:      nicolae_overflow_crystal_walls, temple_pool_b, serial_shops, shop,
          minmay_hollow_rounded_squares
D:7:      overflow_temple_1_default, grunt_temple_overflow_open,
          grunt_livestock, lightli_church_of_beogh, uniq_joseph

Skill      XL: |  1  2  3  4  5  6  7  8  9 |
---------------+----------------------------+-----
Axes           | 4 5 8 9 11 13 15 | 15.7
Fighting       | |  3.6
Armour         | |  2.4
Dodging        | |  2.1

Action                   |  1- 3 |  4- 6 |  7- 9 || total
-------------------------+-------+-------+-------++-------
Melee: Hand axe          |    93 |    32 |   263 ||   388
       Headbutt          |    13 |     6 |    53 ||    72
Throw: Javelin           |       |       |    19 ||    19
Invok: Berserk           |     1 |     1 |    11 ||    13
       Trog's Hand       |     1 |       |     2 ||     3
Evoke: Box of beasts     |       |       |     1 ||     1
  Use: Scroll            |       |       |     7 ||     7
  Eat: Chunk             |     3 |     5 |    22 ||    30
Armor: Animal skin       |     6 |       |       ||     6
       Chain mail        |    49 |     5 |    51 ||   105
       Scale mail        |       |       |     8 ||     8
Dodge: Dodged            |    55 |    14 |    58 ||   127
Block: Shield            |       |       |    23 ||    23

Table legend:
 A = Spawn XP
 B = Non-spawn XP
 C = Spawn XP percentage of total XP
 D = Spawn monster count
 E = Non-spawn monster count
 F = Spawn count percentage of total count
 G = Total turns spent on level
                    A         B        C        D         E        F      G
               +---------+---------+-------+---------+---------+-------+---------
         Total |       0 |    4675 |   0.0 |       0 |     118 |   0.0 |  6590
               +---------+---------+-------+---------+---------+-------+---------
           D:1 |       0 |      27 |   0.0 |       0 |      16 |   0.0 |   642
           D:2 |       0 |      22 |   0.0 |       0 |      14 |   0.0 |   854
           D:3 |       0 |     343 |   0.0 |       0 |      21 |   0.0 |   799
           D:4 |       0 |    1100 |   0.0 |       0 |      13 |   0.0 |  1328
           D:5 |       0 |     700 |   0.0 |       0 |      21 |   0.0 |  1081
           D:6 |       0 |     937 |   0.0 |       0 |      14 |   0.0 |  1326
           D:7 |       0 |    1546 |   0.0 |       0 |      19 |   0.0 |   560
               +---------+---------+-------+---------+---------+-------+---------
